 Dungeon Crawl Stone Soup version 0.32-a0-841-g4648e6c457 (webtiles) character file.

Game seed: 4594540558374833000

658 ragingrage the Poker (level 7, -4/56 HPs)
             Began as a Merfolk Delver on Mar 26, 2024.
             Was an Initiate of Beogh.
             Slain by Grinder (6 damage)
             ... while paralysed by Grinder
             ... on level 5 of the Dungeon.
             The game lasted 00:07:37 (4623 turns).

ragingrage the Poker (Merfolk Delver)               Turns: 4623, Time: 00:07:38

Health: -4/56      AC:  3    Str: 13    XL:     7   Next: 55%
Magic:  7/7        EV:  2    Int:  9    God:    Beogh [......]
Gold:   96         SH:  0    Dex: 17    Spells: 3/6 levels left

rFire   + . .        c - +0 dagger (venom)
rCold   + . .        (no shield)
rNeg    . . .        i - +0 leather armour
rPois   .            (no helmet)
rElec   .            m - scarf {rC+ rF+}
rCorr   .            (no gloves)
SInv    .            (no boots)
Will    .....        (no amulet)
Stlth   +            (no ring)
HPRegen 0.29/turn    (no ring)
MPRegen 0.10/turn

%: no passive effects
@: paralysed, lit by a corona, glowing
A: (nimble swimmer 2), mertail
a: Renounce Religion


You were on level 5 of the Dungeon.
You worshipped Beogh.
Beogh was noncommittal.
You visited 1 branch of the dungeon, and saw 6 of its levels.

You collected 238 gold pieces.
You spent 142 gold pieces at shops.

Inventory:

Hand Weapons
 a - the +8 sling of Dried Tears {flame, rPois Int+6}
   (You found it on level 3 of the Dungeon)

   Int+6:     It affects your intelligence (+6).
   rPois:     It protects you from poison.
 b - a +1 spear of freezing
 c - a +0 dagger of venom (weapon)
 l - a +0 trident
 t - a +0 short sword
Missiles
 h - 2 poisoned darts
 n - 3 boomerangs (quivered)
Armour
 i - a +0 leather armour (worn)
 m - a scarf of resistance (worn)
 x - a +1 chain mail of fire resistance
Wands
 g - a wand of digging (3)
 u - a wand of flame (40)
 y - a wand of mindburst (5)
Scrolls
 p - a scroll of amnesia
 z - 3 scrolls of fog
Potions
 f - a potion of haste
 j - a potion of curing
 o - a potion of attraction {unknown}
 q - a potion of degeneration {unknown}
 r - a potion of brilliance {unknown}
 s - a potion of lignification {unknown}
 v - a potion of cancellation {unknown}
 w - 2 potions of heal wounds


   Skills:
 - Level 5.0 Fighting
 - Level 2.9(3.1) Short Blades
 - Level 1.3(2.3) Long Blades
 - Level 6.0 Polearms
 - Level 4.0 Dodging
 - Level 5.6 Stealth
 + Level 4.5 Ice Magic


You had 3 spell levels left.
You knew the following spells:

 Your Spells              Type           Power      Damage    Failure   Level
a - Ozocubu's Armour      Ice            8%         N/A       24%         3

Your spell library contained the following spells:

 Spells                   Type           Power      Damage    Failure   Level
 Shock                    Conj/Air       0%         1d3       45%         1
 Fugue of the Fallen      Necr           0%         N/A       83%         3
 Swiftness                Air            0%         N/A       83%         3
 Airstrike                Air            0%         2d(0-16)  99%         4
 Manifold Assault         Tloc           0%         N/A       99%         4


Dungeon Overview and Level Annotations

Branches:
Dungeon (6/15)
 Temple: D:4-7

Altars:
Cheibriados
Fedhas
Trog
Xom
The Shining One

Shops:
D:2 *

Annotations:
D:4 exclusion: downstairs
D:5 Dowan, Grinder


Innate Abilities, Weirdness & Mutations

((You are very nimble when in or above water. (Stealth+, EV+, Speed+++)))
Your lower body shifts to a powerful aquatic tail in water.


Message History

Aim: Duvessa, wielding a +0 short sword and wearing a +2 leather armour of willpower (heavily wounded, extremely poisoned, 72% to hit)
The puff of flame hits Duvessa.
Duvessa hits you with a +0 short sword.
Aiming: Throw Flame
Press: ? - help, Shift-Dir - straight line, f/p - Duvessa
Aim: Duvessa, wielding a +0 short sword and wearing a +2 leather armour of willpower (severely wounded, extremely poisoned, 72% to hit)
The puff of flame hits Duvessa.
Duvessa hits you with a +0 short sword!
Dowan points at you and mumbles some strange words.
You are outlined in light.
Aiming: Throw Flame
Press: ? - help, Shift-Dir - straight line, f/p - Duvessa
Aim: Duvessa, wielding a +0 short sword and wearing a +2 leather armour of willpower (almost dead, extremely poisoned, 72% to hit)
The puff of flame hits Duvessa but does no damage.
You kill Duvessa!
Dowan's eyes darken. "You have made a grave mistake."
Dowan seems to find hidden reserves of power!
Dowan misses you.
Your Ice Magic skill increases to level 4!
Aiming: Paralyse
Press: ? - help, Shift-Dir - straight line, f - Dowan
Aim: Dowan, wielding a +0 dagger and wearing a +0 robe (fast, chance to affect: 49%) Dowan resists with some effort.
The now-empty wand crumbles to dust.
Dowan mumbles some strange words.
Dowan blinks!
You closely miss Grinder. Grinder gestures at you.
You suddenly lose the ability to move!
Grinder hits you!
You writhe in agony.
Grinder hits you.
You writhe in agony.
* * * LOW HITPOINT WARNING * * *
Dowan casts a spell.
Dowan blinks!
Grinder says, "Mostly I couldn't keep them alive."
Grinder hits you!
* * * LOW HITPOINT WARNING * * *
Dowan says, "How can I live without her?"
Grinder hits you.
* * * LOW HITPOINT WARNING * * *
You writhe in agony.
You die...
Grinder says, "Hey, I wasn't done torturing you yet!"

............
................
.......:..#...#.
.............$..#####
#.#.................#
#.# ................#
#.##................#
#.[.#..........).e..#
.....# ........5@...#
##...#..............#
###.................#
##................#
................#
.......?........#
.........###..#..
........) ##..##.
.......


You could see Grinder and Dowan (fast).

Vanquished Creatures
  Duvessa (D:5)
  An ice beast (D:5)
  A phantom (D:4)
  2 scorpions
  3 hounds
  Ijyb (D:5)
  An orc priest (D:3)
  6 adders
  2 dart slugs
  7 orcs
  6 bats
  8 endoplasms
  4 giant cockroaches
  13 goblins
  8 hobgoblins
  6 kobolds
  5 quokkas
  6 ball pythons
  6 frilled lizards
  3 rats
90 creatures vanquished.

Vanquished Creatures (others)
  An orc (D:3)
1 creature vanquished.

Grand Total: 91 creatures vanquished

Notes
Turn   | Place    | Note
-------+----------+-------------------------------------------
     0 | D:5      | ragingrage the Merfolk Delver began the quest for the Orb.
     0 | D:5      | Reached XP level 1. HP: 18/18 MP: 1/1
     4 | D:5      | Noticed Dowan
    32 | D:6      | Noticed an ice beast
    33 | D:6      | Noticed a hound
    73 | D:5      | Noticed a scorpion
    89 | D:4      | Reached XP level 2. HP: 24/24 MP: 2/2
   172 | D:3      | Reached skill level 1 in Polearms
   197 | D:2      | Reached skill level 2 in Polearms
   197 | D:2      | Reached XP level 3. HP: 29/29 MP: 3/3
   430 | D:1      | Reached skill level 3 in Polearms
   695 | D:1      | Found a faded altar of an unknown god.
  1032 | D:2      | Found Kuphad's Assorted Antiques.
  1036 | D:2      | Bought a bubbling golden potion for 26 gold pieces
  1062 | D:2      | Reached XP level 4. HP: 30/35 MP: 4/4
  1207 | D:2      | Reached skill level 4 in Polearms
  1392 | D:2      | Noticed a scorpion
  1400 | D:2      | Killed a scorpion
  1401 | D:2      | Reached skill level 5 in Polearms
  1401 | D:2      | Reached XP level 5. HP: 41/41 MP: 5/5
  1945 | D:3      | Reached skill level 6 in Polearms
  2446 | D:4      | Found a bloodstained altar of Trog.
  2448 | D:4      | Found a glowing golden altar of the Shining One.
  2451 | D:4      | Found a snail-covered altar of Cheibriados.
  2490 | D:4      | Noticed a phantom
  2574 | D:4      | Reached skill level 1 in Long Blades
  2574 | D:4      | Reached XP level 6. HP: 36/48 MP: 6/6
  2692 | D:4      | Learned a level 3 spell: Ozocubu's Armour
  2781 | D:4      | Reached skill level 1 in Ice Magic
  2967 | D:4      | Found a shimmering altar of Xom.
  3181 | D:5      | Found a blossoming altar of Fedhas.
  3243 | D:5      | Noticed Ijyb
  3266 | D:5      | Killed Ijyb
  3267 | D:5      | Reached XP level 7. HP: 54/55 MP: 7/7
  3309 | D:5      | Reached skill level 5 in Fighting
  3509 | D:2      | Bought a worn bone wand for 116 gold pieces
  4035 | D:3      | Became a worshipper of Beogh the Shepherd
  4290 | D:3      | Identified the +8 sling of Dried Tears {flame, rPois Int+6}
  4528 | D:5      | Noticed Grinder
  4606 | D:5      | Noticed Duvessa
  4617 | D:5      | Killed Duvessa
  4619 | D:5      | Paralysed by Grinder for 5 turns
  4623 | D:5      | HP: 2/56 [Grinder (6)]
  4623 | D:5      | Slain by Grinder

Illustrated notes

Levels and vault maps discovered:
D:1:      minmay_arrival_open_corners, layout_basic,
          ebering_ecumenical_altar_petrified
D:2:      cheibrodos_helix_gallery, layout_basic, serial_shops,
          nicolae_shop_hallway_stairs, minmay_fountain_box
D:3:      kennysheep_the_goblin_king, layout_basic, dk_noncrumbling_3,
          st_stairs_8
D:4:      layout_cave_pools, xom_redecorated, grunt_temple_overflow_diamond
D:5:      layout_rooms, fedhas_altar_decomposition, serial_shops,
          nicolae_shop_crystal, nicolae_shop_i_like_small_books_too,
          item_on_display_b, uniq_ijyb, uniq_duvessa, uniq_grinder
D:6:      layout_basic, minmay_temple_entry_tees, gammafunk_ghost_necromancy,
          nicolae_concentric_dashed_squares_mild, grunt_ministairs_7

Skill      XL: |  1  2  3  4  5  6  7 |
---------------+----------------------+-----
Dodging        | 3 4 |  4.0
Polearms       | 2 3 5 6 |  6.0
Long Blades    | 1 |  1.3
Fighting       | 4 5 |  5.0
Ice Magic      | 2 4 |  4.5
Short Blades   | |  2.9
Stealth        | |  5.6

Action                     |  1- 3 |  4- 6 |  7- 9 || total
---------------------------+-------+-------+-------++-------
  Melee: Short sword       |    25 |       |       ||    25
         Spear             |    63 |   117 |     8 ||   188
         Dagger            |       |    64 |    21 ||    85
   Fire: Sling             |       |       |     7 ||     7
  Throw: Dart              |       |     2 |       ||     2
         Boomerang         |       |     1 |       ||     1
 Invoke: Convert to Beogh  |       |       |     1 ||     1
  Evoke: Wand              |     1 |     1 |     5 ||     7
    Use: Scroll            |     1 |     2 |     2 ||     5
         Potion            |       |     1 |     1 ||     2
   Stab: Paralysed         |     1 |       |       ||     1
         Sleeping          |    14 |     8 |     2 ||    24
         Distracted        |     1 |       |       ||     1
 Armour: Leather armour    |    22 |    79 |    28 ||   129
  Dodge: Dodged            |    38 |    85 |    17 ||   140

Table legend: (Time is in decaauts)
 A = Elapsed time spent in this place.
 B = Non-inter-level travel time spent in this place.
 C = Inter-level travel time spent in this place.
 D = Time resting spent in this place.
 E = Time spent auto-exploring this place.
 F = Levels seen in this place.
 G = Mean time per level.
                   A        B        C        D        E       F      G
               +--------+--------+--------+--------+--------+-----+--------+
         Total |   4581 |   4283 |    298 |    978 |   2219 |   6 |  763.5 |
       Dungeon |   4581 |   4283 |    298 |    978 |   2219 |   6 |  763.5 |
               +--------+--------+--------+--------+--------+-----+--------+

Top non-repeatable levels by time:
     D:3: 1852 daAuts
     D:4: 833 daAuts
     D:1: 797 daAuts
     D:2: 625 daAuts
     D:5: 439 daAuts
     D:6: 32 daAuts
